 Dungeon Crawl Stone Soup version 0.19.4-8-ga85b6b9 (webtiles) character file.

497 doot the Spear-Bearer (level 7, -2/52 HPs)
             Began as a Merfolk Gladiator on Feb 11, 2017.
             Killed from afar by Dowan (10 damage)
             ... with a stone arrow
             ... on level 4 of the Dungeon.
             The game lasted 00:13:00 (3372 turns).

doot the Spear-Bearer (Merfolk Gladiator)           Turns: 3372, Time: 00:13:01

Health: -2/52      AC:  6    Str: 18    XL:     7   Next: 16%
Magic:  7/7        EV: 15    Int:  7    God:
Gold:   165        SH:  0    Dex: 14    Spells: 0 memorised, 6 levels left

rFire  . . .     SeeInvis .     j - +0 scythe (pain)
rCold  . . .     Gourm    .     b - +0 leather armour
rNeg   . . .     Faith    .     (shield currently unavailable)
rPois  .         Spirit   .     c - +1 helmet
rElec  .         Reflect  .     t - +0 cloak
rCorr  .         Harm     .     (no gloves)
MR     .....                    (no boots)
Stlth  +.........               (no amulet)
                                (no ring)
                                (no ring)

@: no status effects
A: change form in water, swift swim, stealthy swim
a: no special abilities


You were on level 4 of the Dungeon.
You were very hungry.

You visited 1 branch of the dungeon, and saw 4 of its levels.

You collected 165 gold pieces.

Inventory:

Hand Weapons
 a - a +0 trident
 j - a +0 scythe of pain (weapon)
Missiles
 d - 3 throwing nets (quivered)
Armour
 b - a +0 leather armour (worn)
 c - a +1 helmet (worn)
 t - a +0 cloak (worn)
Scrolls
 e - 4 scrolls of identify
 g - 2 scrolls of recharging
 n - 2 scrolls of noise
 p - a scroll of remove curse
 s - a scroll of teleportation
Potions
 i - a potion of lignification
 k - a potion of flight
 m - a potion of resistance {unknown}
 u - 2 potions of degeneration
 x - a potion of cancellation {unknown}
Comestibles
 f - 4 bread rations
 h - a slice of pizza
 w - a meat ration


   Skills:
 + Level 3.4 Fighting
 * Level 8.6 Polearms
 + Level 2.1 Throwing
 + Level 1.6 Armour
 * Level 6.1 Dodging
 + Level 0.2 Stealth


You had 6 spell levels left.
You didn't know any spells.

Dungeon Overview and Level Annotations

Branches:
Dungeon (4/15)
 Temple: D:4-7

Altars:
Qazlal

Annotations:
D:4 Dowan


Message History

Duvessa hits you with a short sword.
Duvessa says, "My weaknesses are his strengths!"
Duvessa zaps a wand.
The puff of flame hits you!
* * * LOW HITPOINT WARNING * * *
Okay, then.
You slash Duvessa!
You kill Duvessa!
Dowan's eyes darken. "You have made a black mistake."
Dowan seems to find hidden reserves of power!
Your Dodging skill increases to level 6!
You have reached level 7!
Dowan shakes with grief.
Dowan zaps a wand.
The puff of flame hits you!
* * * LOW HITPOINT WARNING * * *
It is a wand of flame.
You closely miss Dowan.
Dowan zaps a wand.
The puff of flame hits you!
* * * LOW HITPOINT WARNING * * *
Dowan points at you and mumbles some strange words.
The stone arrow hits you!
You die...

<..###... e..
......... #.#
#.# ...###.##
#.# #.# .....#
#.# #.# .###...#
#.# #.# .# .#.#
#.# #.# .###.# #
##.## #.# .....#
##.#e###.# .#
...###
#<###.##@# #.#
#### #.## ##.#e#
#.# .†. ##..#
#.#
#.#.##.##.###
#.#
#...........#
#.# #
#.#...###.####.#
.....# #......#
##### ######.#
#.# ##########.#


You could see Dowan.

Vanquished Creatures
  Sigmund (D:4)
  Duvessa (D:4)
  3 orc wizards
  A worker ant (D:4)
  2 adders (D:1)
  2 oozes
  2 worms
  A dart slug (D:2)
  16 orcs
  A ball python (D:3)
  8 bats
  6 giant cockroaches
  12 hobgoblins
  3 jackals (D:4)
  11 kobolds
  A quokka (D:2)
  5 frilled lizards
  5 goblins
  6 rats
87 creatures vanquished.

Notes
Turn   | Place    | Note
-------+----------+-------------------------------------------
     0 | D:1      | doot the Merfolk Gladiator began the quest for the Orb.
     0 | D:1      | Reached XP level 1. HP: 16/16 MP: 1/1
   186 | D:1      | Reached XP level 2. HP: 11/22 MP: 2/2
   694 | D:1      | Reached XP level 3. HP: 27/27 MP: 3/3
   731 | D:2      | Reached skill level 5 in Polearms
   746 | D:1      | Reached skill level 5 in Dodging
   999 | D:2      | Found a stormy altar of Qazlal.
  1080 | D:2      | Reached XP level 4. HP: 27/34 MP: 4/4
  1382 | D:3      | Reached skill level 6 in Polearms
  1743 | D:3      | Reached XP level 5. HP: 38/39 MP: 5/5
  2355 | D:4      | Noticed an ogre
  2374 | D:4      | Noticed Dowan
  2375 | D:4      | Noticed Duvessa
  2420 | D:3      | HP: 1/39 [orc/falchion (3)]
  2753 | D:4      | Reached skill level 7 in Polearms
  2778 | D:4      | Reached XP level 6. HP: 15/46 MP: 6/6
  2781 | D:4      | Noticed Sigmund
  3157 | D:4      | Killed Sigmund
  3157 | D:4      | Reached skill level 8 in Polearms
  3157 | D:4      | Reached skill level 1 in Armour
  3371 | D:4      | Killed Duvessa
  3371 | D:4      | Reached XP level 7. HP: 12/52 MP: 7/7
  3372 | D:4      | Killed from afar by Dowan

Skill      XL: |  1  2  3  4  5  6 |
---------------+-------------------+-----
Polearms       | 5 6 7 8 |  8.6
Dodging        | 5 6 |  6.1
Fighting       | 3 |  3.4
Armour         | 1 |  1.6
Throwing       | |  2.1
Stealth        | |  0.2

Action                   |  1- 3 |  4- 6 |  7- 9 || total
-------------------------+-------+-------+-------++-------
Melee: Trident           |    93 |   183 |       ||   276
       Scythe            |       |    21 |     1 ||    22
  Use: Potion            |       |     6 |       ||     6
       Scroll            |       |     7 |       ||     7
  Eat: Chunk             |       |     5 |       ||     5
       Royal jelly       |       |     1 |       ||     1
Armor: Leather armour    |    12 |    30 |       ||    42
       Skin              |       |    36 |       ||    36
Dodge: Dodged            |    64 |   128 |       ||   192
